AoeStats
← 李贰叁

Black Forest

510106751Analyzed
4v4 RM · 4d ago on Sep 29, 2026· 30m 59s· 8 players
Game mode
Random Map
Map size
Large (8 player)
Population
200
Speed
Normal
Resources
Standard
Victory
Conquest
Starting age
Dark Age
Ending age
Imperial Age
RankedLock teamsTeams togetherTeam positionsShared explorationLock speedFull tech treeHidden civsTurbo modeCheats
Victory
Defeat
🇨🇳 Varangians · China
917
+36
773
+19
🇨🇳 Maya · China
759
+19
🇨🇳 Huns · China
713
+21
🇺🇸 Aztecs · United States
869
-19
🇬🇧 Georgians · United Kingdom
830
-18
🇨🇳 Goths · China
822
-18
🇨🇳 Celts · China
799
-17
TheBunjiMunji
6:57 Loom
11:58 Feudal Age
17:03 Castle Age
15:21 Horse Collar
15:57 Double-Bit Axe
16:05 Stone Mining
18:43 Wheelbarrow
26:39 Hand Cart
26:11 Town Watch
29:05 Fletching
29:16 Padded Archer Armor
BuDrakexn
2:30 Loom
11:57 Feudal Age
14:04 Double-Bit Axe
18:01 Castle Age
16:40 Stone Mining
20:33 Wheelbarrow
21:21 Elite Skirmisher
21:54 Fletching
22:07 Padded Archer Armor
23:22 Bodkin Arrow
25:59 Hand Cart
26:09 Hand Cart
26:16 Hand Cart
26:19 Hand Cart
26:38 Leather Archer Armor
27:18 Forging
28:09 Bow Saw
偷家王
4:39 Loom
11:39 Feudal Age
12:52 Double-Bit Axe
13:14 Horse Collar
17:56 Wheelbarrow
22:19 Castle Age
21:55 Fishing Lines
22:58 Town Watch
25:40 Stone Mining
25:59 Scale Mail Armor
26:10 Forging
木子李
0:40 Loom
11:50 Feudal Age
21:16 Castle Age
20:07 Double-Bit Axe
李贰叁
11:55 Feudal Age
13:09 Double-Bit Axe
13:07 Horse Collar
14:33 Wheelbarrow
18:36 Castle Age
16:42 Gold Mining
18:01 Scale Mail Armor
18:12 Forging
17:56 Stone Mining
19:33 Hand Cart
21:07 Squires
20:56 Gambesons
21:36 Bow Saw
24:21 Chain Mail Armor
24:42 Iron Casting
24:01 Arson
26:48 Stone Shaft Mining
28:41 Heavy Plow
30:59 Fletching
张嘴没几句好话
0:48 Loom
11:53 Feudal Age
12:31 Double-Bit Axe
14:08 Horse Collar
14:42 Bow Saw
15:31 Fishing Lines
17:12 Wheelbarrow
21:15 Castle Age
20:42 Gold Mining
20:44 Stone Mining
21:03 Heavy Plow
24:27 Gillnets
25:46 Two-Man Saw
29:54 Forging
29:50 Scale Barding Armor
30:13 Fletching
30:49 Hand Cart
30:42 Husbandry
30:06 Cavalier
出木杉英才
11:12 Feudal Age
12:35 Double-Bit Axe
16:31 Bloodlines
20:10 Castle Age
20:27 Forging
20:24 Scale Barding Armor
24:13 Chain Barding Armor
24:16 Husbandry
29:27 Iron Casting
30:47 Wheelbarrow
强国有我请党放心
0:37 Loom
13:20 Feudal Age
14:36 Double-Bit Axe
19:18 Castle Age
19:26 Crossbowman
21:35 Fletching
22:32 Bow Saw
25:39 Wheelbarrow
28:54 Hand Cart
29:19 Fishing Lines
29:53 Horse Collar
31:16 Bodkin Arrow
31:22 Padded Archer Armor
Connection lost

Rejoining the realm…

Still unreachable

The connection could not be restored.

Session expired

The server has moved on; the page needs a fresh start.